cohdb
Replays
Latest Replays
All Replays
Popular Replays
Top Player Replays
Match Explorer
How It Works
Community
CoH3 Stats
Reddit
Sign in to upload your games and track your stats! →
Sign in with Steam
Match 41308233
Unlisted
Match 41308233
Overview
Messages
Build Orders
End
Scout Squad
Selects Airborne Battlegroup
Selects Heavy Machine Gun Paradrop
Heavy Machine Gun Paradrop
Construct Barracks
Riflemen Squad
Riflemen Squad
Grenade Package
Riflemen Squad
Mechanized Support Center
Selects Recon Loiter
Selects Supply Drop
Recon Loiter
Construct Motor Pool
M8 Greyhound Armored Car
Designate Forward Repair Station
Supply Drop
Engineer Squad
Recon Loiter
Heavy Machine Gun Paradrop
M24 Chaffee Light Tank
Recon Loiter
Selects Carpet Bombing Run
Supply Drop
Carpet Bombing Run
M24 Chaffee Light Tank
Supply Drop
M1918 Browning Automatic Rifles
M24 Chaffee Light Tank
Supply Drop
M24 Chaffee Light Tank
Recon Loiter
Selects Paratrooper Squad Paradrop
Selects Anti-tank Gun Team Paradrop
Anti-tank Gun Team Paradrop
Carpet Bombing Run
Supply Drop
Engineer Squad
Carpet Bombing Run
Recon Loiter
Esxile
p1
Chinese players always play bad
STRATEGO
0
0
Comments
sign in to comment!
No comments posted yet!